 Dungeon Crawl Stone Soup version 0.29-a0-886-gfb1a3fa8b1 (webtiles) character file.

Game seed: 4040800143171149810

9 DungeonMaster the Magician (level 2, 5/19 HPs)
             Began as a Demonspawn Hedge Wizard on July 21, 2022.
             Quit the game on level 1 of the Dungeon.
             The game lasted 00:00:42 (665 turns).

DungeonMaster the Magician (Demonspawn Hedge Wizard) Turns: 665, Time: 00:00:42

Health: 5/19       AC:  2    Str: 10    XL:     2   Next: 3%
Magic:  1/6        EV: 12    Int: 15    God:
Gold:   61         SH:  0    Dex: 12    Spells: 6/7 levels left

rFire   . . .      SeeInvis .   a - +0 short sword
rCold   . . .      Faith    .   (no shield)
rNeg    . . .      Spirit   .   b - +0 robe
rPois   .          Reflect  .   c - +0 hat
rElec   .          Harm     .   (no cloak)
rCorr   .          Rampage  .   (no gloves)
Will    .....                   (no boots)
Stlth   ++........              (no amulet)
HPRegen 0.06/turn               (no ring)
MPRegen 0.10/turn               (no ring)

@: no status effects
A: antennae 1
a: no special abilities


You were on level 1 of the Dungeon.
You visited 1 branch of the dungeon, and saw 1 of its levels.

You collected 61 gold pieces.

Inventory:

Hand Weapons
 a - a +0 short sword (weapon)
Missiles
 e - 2 poisoned darts
 h - 7 stones
Armour
 b - a +0 robe (worn)
 c - a +0 hat (worn)
Scrolls
 f - a scroll of amnesia {unknown}
 g - a scroll of identify {unknown}
Potions
 d - a potion of magic
 i - a potion of lignification {unknown}


   Skills:
 - Level 1.7 Dodging
 - Level 1.7 Stealth
 * Level 3.2 Spellcasting
 * Level 1.6 Conjurations
 - Level 1.0 Summonings
 - Level 0.8 Translocations


You had 6 spell levels left.
You knew the following spells:

 Your Spells              Type           Power      Damage    Failure   Level
a - Magic Dart            Conj           28%        1d4       10%         1

Your spell library contained the following spells:

 Spells                   Type           Power      Damage    Failure   Level
 Slow                     Hex            8%         N/A       21%         1
 Blink                    Tloc           10%        N/A       21%         2
 Call Imp                 Summ           5%         N/A       21%         2
 Conjure Flame            Conj/Fire      4%         6-21      38%         3
 Mephitic Cloud           Conj/Pois/Air  4%         N/A       43%         3


Dungeon Overview and Level Annotations

Branches:
Dungeon (1/15)

Altars:


Innate Abilities, Weirdness & Mutations

You have a pair of small antennae on your head.


Message History

Casting: Magic Dart (safe; 11% risk of failure)
Confirm with . or Enter, or press ? or * to list all spells.
Aiming: Magic Dart (safe; 11% risk of failure)
Press: ? - help, Shift-Dir - straight line, f/p - worm
Aim: a worm (moderately wounded, 100% to hit)
The magic dart hits the worm.
The worm is moderately wounded.
Casting: Magic Dart (safe; 11% risk of failure)
Confirm with . or Enter, or press ? or * to list all spells.
You don't have enough magic to cast this spell.
Casting: Magic Dart (safe; 11% risk of failure)
Confirm with . or Enter, or press ? or * to list all spells.
You don't have enough magic to cast this spell.
Casting: Magic Dart (safe; 11% risk of failure)
Confirm with . or Enter, or press ? or * to list all spells.
You don't have enough magic to cast this spell.
You hit the worm.
The worm is heavily wounded.
The worm bites you.
You hit the worm.
The worm is severely wounded.
The worm misses you.
You barely miss the worm.
The worm is severely wounded.
You hit the worm.
The worm is severely wounded.
The worm closely misses you.
You hit the worm.
The worm is almost dead.
The worm bites you!
Ouch! That really hurt!
* * * LOW HITPOINT WARNING * * *
You hit the worm.
The worm is almost dead.
You hit the worm.
You kill the worm!
You have reached level 2!
Your demonic ancestry asserts itself...
A pair of antennae grows on your head!
Are you sure you want to abandon this character and quit the game? (Confirm with "yes".)

#.#.#.##.# #..... .##
#.#.##.# #.###> ...#
#.#.##.# #.# #.
....##.#.##.# #.# #.
.^..^#.#.##.# #.# #.
.........##.####.##.# ##
.^.^.............##.#
........###.####.##.####
.#.@.....# #......
#..#....# #######
##.#.##.# #.#.##.#
#.#.##.# #.#.....
..###### #.#


There were no monsters in sight!

Vanquished Creatures
  A worm (D:1)
  A goblin (D:1)
  A hobgoblin (D:1)
  2 ball pythons (D:1)
  A kobold (D:1)
6 creatures vanquished.

Notes
Turn   | Place    | Note
-------+----------+-------------------------------------------
     0 | D:1      | DungeonMaster the Demonspawn Hedge Wizard began the quest
                  | for the Orb.
     0 | D:1      | Reached XP level 1. HP: 13/13 MP: 4/4
     6 | D:1      | Noticed a snapping turtle
     7 | D:1      | Noticed a polar bear
     7 | D:1      | Noticed a wyvern
   665 | D:1      | Gained mutation: You have a pair of small antennae on your
                  | head. [demonic ancestry]
   665 | D:1      | Reached XP level 2. HP: 5/19 MP: 1/6
   665 | D:1      | Quit the game

Illustrated notes

Levels and vault maps discovered:
D:1:      onia_arrival_zoo_common, layout_basic,
          hellmonk_ecumenical_altar_watching_god, kennysheep_flooded_box,
          nicolae_wormholes

Action                   || total
-------------------------++-------
Melee: Short sword       ||     7
       Dagger            ||     2
       Punch             ||     1
 Cast: Magic Dart        ||    16
Dodge: Dodged            ||     4

Table legend: (Time is in decaauts)
 A = Elapsed time spent in this place.
 B = Non-inter-level travel time spent in this place.
 C = Inter-level travel time spent in this place.
 D = Time resting spent in this place.
 E = Time spent auto-exploring this place.
 F = Levels seen in this place.
 G = Mean time per level.
                   A        B        C        D        E       F      G
               +--------+--------+--------+--------+--------+-----+--------+
         Total |    665 |    665 |      0 |      0 |    583 |   1 |  665.0 |
       Dungeon |    665 |    665 |      0 |      0 |    583 |   1 |  665.0 |
               +--------+--------+--------+--------+--------+-----+--------+

Top non-repeatable levels by time:
     D:1: 665 daAuts
